 Dungeon Crawl Stone Soup version 0.23.2-1-ga50397a6bc (webtiles) character file.

Game seed: 15419810825043572429

4462 Mrkan the Grappler (level 10, -1/91 HPs)
             Began as a Troll Monk on May 20, 2019.
             Was an Elder of Hepliaklqana.
             Slain by a killer bee (6 damage)
             ... on level 9 of the Dungeon.
             The game lasted 00:13:39 (6224 turns).

Mrkan the Grappler (Troll Monk)                     Turns: 6224, Time: 00:13:40

Health: -1/91      AC:  6    Str: 24    XL:     10   Next: 15%
Magic:  12/12      EV: 11    Int: 15    God:    Hepliaklqana [****..]
Gold:   545        SH:  0    Dex: 12    Spells: 9/9 levels left

rFire    . . .     SeeInvis .   B - +8 war axe "Kaolas" {venom, rPois Int+9 Stlth-}
rCold    . . .     Gourm    +   (no shield)
rNeg     . . .     Faith    .   a - +0 robe
rPois    +         Spirit   .   (helmet restricted)
rElec    .         Reflect  .   (no cloak)
rCorr    .         Harm     .   (gloves unavailable)
MR       .....                  (boots unavailable)
Stlth    +.........             h - amulet of rage
HPRegen  0.65/turn              (no ring)
MPRegen  0.13/turn              (no ring)

@: studying Short Blades
A: large, unfitting armour, reduced essence, claws 3, fast metabolism 3,
gourmand, regeneration 1, shaggy fur 1, tough skin 3
a: Recall Ancestor, Ancestor Identity, Transference, Idealise, Renounce
Religion, Evoke Berserk Rage


You were on level 9 of the Dungeon.
You worshipped Hepliaklqana.
Hepliaklqana was greatly pleased with you.
You were very full.

You visited 1 branch of the dungeon, and saw 9 of its levels.
You also visited: Sewer.

You collected 545 gold pieces.

Inventory:

Hand Weapons
 k - a +2 mace of protection
 B - the +8 war axe "Kaolas" (weapon) {venom, rPois Int+9 Stlth-}
   (You found it on level 8 of the Dungeon)

   It poisons the flesh of those it strikes.
   It affects your intelligence (+9).
   It protects you from poison.
   It makes you less stealthy.
Armour
 a - a +0 robe (worn)
 c - a +0 cloak of invisibility
Jewellery
 h - an amulet of rage (around neck)
 p - an uncursed ring of flight
 t - a +2 ring of intelligence
 F - an uncursed ring of protection from magic {unknown}
Wands
 m - a wand of acid (14)
 D - a wand of iceblast (10)
Scrolls
 f - 2 scrolls of immolation
 g - 5 scrolls of teleportation
 i - 4 scrolls of blinking
 j - a scroll of enchant armour {unknown}
 q - 2 scrolls of remove curse
 r - 2 scrolls of fear
 s - 2 scrolls of enchant weapon {unknown}
 u - a scroll of amnesia
 y - 2 scrolls of acquirement {unknown}
 z - a scroll of fog {unknown}
 A - 3 scrolls of magic mapping {unknown}
 H - a scroll of identify
Potions
 e - 3 potions of agility
 l - a potion of flight {unknown}
 n - 2 potions of heal wounds {unknown}
 o - 3 potions of brilliance
 v - a potion of mutation {unknown}
 w - a potion of might {unknown}
 x - a potion of haste {unknown}
 E - a potion of berserk rage {unknown}
Books
 G - a manual of Short Blades
Miscellaneous
 C - a fan of gales
Comestibles
 b - 13 rations


   Skills:
 + Level 7.0 Fighting
 + Level 2.1 Axes
 + Level 3.3 Dodging
 - Level 1.0 Stealth
 - Level 10.8 Unarmed Combat
 + Level 5.1 Invocations


You had 9 spell levels left.
You didn't know any spells.
Your spell library contained the following spells:

 Spells                   Type           Power        Failure   Level  Hunger
 Summon Small Mammal      Summ           #...         26%         1    ##.....
 Call Imp                 Summ           #.......     38%         2    ###....
 Call Canine Familiar     Summ           #.......     63%         3    ####...
 Summon Guardian Golem    Hex/Summ       #.......     63%         3    ####...
 Summon Ice Beast         Ice/Summ       #.......     95%         4    #####..
 Summon Lightning Spire   Summ/Air       #.......     95%         4    #####..


Dungeon Overview and Level Annotations

Branches:
Dungeon (9/15)             Temple (0/1) D:6            Lair (0/6) D:8
    Orc: D:9-12

Altars:
Ashenzari
Dithmenos
Elyvilon
Gozag
Hepliaklqana
Makhleb
Sif Muna
Uskayaw
Vehumet
Yredelemnul

Shops:
D:6 *


Innate Abilities, Weirdness & Mutations

You are too large for most types of armour.
You have claws for hands.
Your metabolism is lightning-fast.
You like to eat raw meat.
Your natural rate of healing is unusually fast.
You are covered in fur. (AC +1)
You have extremely tough skin. (AC +3)
Your life essence is reduced to manifest your ancestor. (-10% HP)


Message History

You slash the killer bee!
You kill the killer bee!
The killer bee stings you but does no damage.
The killer bee stings you but does no damage.
The killer bee stings you.
* * * LOW HITPOINT WARNING * * *
You feel better.
The killer bee stings you but does no damage.
The killer bee stings you.
* * * LOW HITPOINT WARNING * * *
The killer bee barely misses you. x2
You slash the killer bee!
You kill the killer bee!
You closely miss the killer bee. The killer bee stings you!
* * * LOW HITPOINT WARNING * * *
The killer bee stings you but does no damage.
The killer bee misses you.
The killer bee stings you but does no damage.
The killer bee stings you.
You die...

#.# #y# #.# #y#
#y# #y# ##y# #yy#
#@## ####
#####รท#####
...####
#.........#
##....#
#.........#
####.###
#.........#
#...####.........#
###...##......<..#
###..'.........#
####.[...(...#


You could see 7 killer bees.

Vanquished Creatures
  Harold (D:8)
  A queen bee (D:9)
  A hippogriff (D:9)
  Sigmund (D:6)
  Duvessa (D:7)
  A water moccasin (D:5)
  Purgy (Sewer)
  2 orc warriors
  An ice beast (D:4)
  A sky beast (D:6)
  An eye of draining (D:9)
  2 centaurs
  Blork the orc (D:4)
  3 bullfrogs
  Dowan (D:7)
  4 scorpions
  13 killer bees
  3 howler monkeys
  A crimson imp (D:5)
  A gnoll shaman (D:7)
  A hound (D:5)
  2 orc priests
  2 orc wizards
  An iguana (D:9)
  A worker ant (D:4)
  A hound zombie (D:3)
  7 gnolls (D:7)
  13 adders
  3 shadow imps
  An ooze (D:5)
  3 worms
  4 dart slugs
  11 orcs
  A ball python (D:2)
  6 giant cockroaches
  A goblin (D:3)
  3 hobgoblins
  3 jackals (D:3)
  A quokka (D:4)
  6 bats
  3 frilled lizards
  A jackal skeleton (D:7)
  3 kobolds
  A quokka skeleton (D:5)
  7 rats
127 creatures vanquished.

Vanquished Creatures (collateral kills)
  A water moccasin (D:5)
  A phantom (D:7)
  An ogre (D:6)
  A bullfrog (D:6)
  3 killer bees (D:9)
  A hound (D:9)
  An orc priest (D:6)
  A gnoll (D:7)
  5 orcs
15 creatures vanquished.

Vanquished Creatures (others)
  A killer bee (D:9)
  5 hexers
6 creatures vanquished.

Grand Total: 148 creatures vanquished

Notes
Turn   | Place    | Note
-------+----------+-------------------------------------------
     0 | D:1      | Mrkan the Troll Monk began the quest for the Orb.
     0 | D:1      | Reached XP level 1. HP: 22/22 MP: 0/0
   282 | D:1      | Reached XP level 2. HP: 29/29 MP: 1/1
   820 | D:2      | Reached XP level 3. HP: 35/36 MP: 2/2
   900 | D:2      | Reached skill level 4 in Unarmed Combat
  1268 | D:3      | Reached XP level 4. HP: 45/45 MP: 3/3
  1862 | D:4      | Noticed an ice beast
  1872 | D:4      | Killed an ice beast
  1872 | D:4      | Reached skill level 5 in Unarmed Combat
  1872 | D:4      | Reached XP level 5. HP: 42/53 MP: 4/4
  1920 | D:4      | Found a burning altar of Makhleb.
  2107 | D:4      | Reached XP level 6. HP: 36/62 MP: 5/5
  2121 | D:4      | Found a glowing drain.
  2125 | Sewer    | Entered a sewer
  2281 | Sewer    | Noticed Purgy
  2292 | Sewer    | Killed Purgy
  2292 | Sewer    | Reached skill level 6 in Unarmed Combat
  2329 | D:4      | Found a shattered altar of Ashenzari.
  2546 | D:4      | Noticed Blork the orc
  2556 | D:4      | Killed Blork the orc
  2579 | D:4      | Found a white marble altar of Elyvilon.
  2582 | D:4      | Found a hazy altar of Hepliaklqana.
  2588 | D:4      | Became a worshipper of Hepliaklqana the Forgotten
  2588 | D:4      | Reached * piety under Hepliaklqana
  2588 | D:4      | Reached ** piety under Hepliaklqana
  2589 | D:4      | Remembered your ancestor Vesna as a hexer
  2676 | D:4      | Found a hide-covered altar of Uskayaw.
  2766 | D:4      | Found a shadowy altar of Dithmenos.
  2912 | D:5      | Entered Level 5 of the Dungeon
  2982 | D:5      | Reached XP level 7. HP: 54/63 MP: 6/6
  3016 | D:5      | Reached skill level 7 in Unarmed Combat
  3331 | D:5      | Found a deep blue altar of Sif Muna.
  3491 | D:6      | Reached skill level 8 in Unarmed Combat
  3513 | D:6      | Found Gozag's Platinum Reserve.
  3513 | D:6      | Found an opulent altar of Gozag.
  3533 | D:6      | Reached skill level 5 in Fighting
  3533 | D:6      | Reached XP level 8. HP: 56/72 MP: 4/7
  3582 | D:6      | Reached skill level 1 in Invocations
  3593 | D:6      | Noticed Sigmund
  3598 | D:6      | Killed Sigmund
  3598 | D:6      | Reached skill level 9 in Unarmed Combat
  3721 | D:6      | Found a staircase to the Ecumenical Temple.
  3906 | D:6      | Reached *** piety under Hepliaklqana
  4226 | D:7      | Noticed Duvessa
  4227 | D:7      | Noticed Dowan
  4238 | D:7      | Killed Duvessa
  4241 | D:7      | Killed Dowan
  4385 | D:7      | Reached XP level 9. HP: 45/80 MP: 10/10
  4858 | D:8      | Reached skill level 10 in Unarmed Combat
  4913 | D:8      | Found a staircase to the Lair.
  4923 | D:8      | Got a polished war axe
  5224 | D:8      | Noticed Harold
  5236 | D:8      | Killed Harold
  5332 | D:8      | Reached **** piety under Hepliaklqana
  5368 | D:8      | Found a basalt altar of Yredelemnul.
  5618 | D:8      | Found a radiant altar of Vehumet.
  5822 | D:8      | Identified the +8 war axe "Kaolas" {venom, rPois Int+9
                  | Stlth-} (You found it on level 8 of the Dungeon)
  5939 | D:9      | Reached skill level 1 in Axes
  6151 | D:9      | Noticed a queen bee
  6169 | D:9      | Killed a queen bee
  6169 | D:9      | Reached XP level 10. HP: 90/90 MP: 12/12
  6191 | D:9      | Reached skill level 5 in Invocations
  6224 | D:9      | Slain by a killer bee

Skill      XL: |  1  2  3  4  5  6  7  8  9 10 |
---------------+-------------------------------+-----
Unarmed Combat | 4 5 6 8 9 10 | 10.8
Fighting       | 3 4 5 6 7 |  7.0
Invocations    | 2 4 5 |  5.1
Axes           | 1 2 |  2.1
Dodging        | 3 |  3.3
Stealth        | |  1.0

Action                   |  1- 3 |  4- 6 |  7- 9 | 10-12 || total
-------------------------+-------+-------+-------+-------++-------
Melee: Unarmed           |    63 |    96 |   173 |       ||   332
       Punch             |     3 |     4 |     9 |       ||    16
       War axe           |       |       |    29 |    16 ||    45
Invok: Ancestor Life: He |       |     1 |       |       ||     1
       Ancestor Identity |       |     1 |       |       ||     1
       Recall Ancestor   |       |       |     1 |       ||     1
 Abil: Evoke Berserk Rag |       |       |     2 |       ||     2
  Use: Scroll            |       |       |    14 |       ||    14
       Potion            |       |       |     4 |     2 ||     6
 Stab: Sleeping          |     1 |     1 |     1 |       ||     3
       Confused          |       |       |     1 |       ||     1
       Distracted        |       |       |     1 |       ||     1
  Eat: Chunk             |    12 |    19 |    29 |       ||    60
       Ration            |       |       |     1 |       ||     1
Armor: Robe              |    29 |    44 |    52 |     9 ||   134
       Skin              |       |       |    16 |       ||    16
Dodge: Dodged            |    46 |    66 |   108 |    27 ||   247
